 Dungeon Crawl Stone Soup version 0.28.0-43-g3370ac3207 (webtiles) character file.

Game seed: 5347453405658128316

7100 Zoltar the Cutter (level 10, -5/81 HPs)
             Began as a Red Draconian Conjurer on Mar 21, 2022.
             Was a Priest of Nemelex Xobeh.
             Shot with an arrow by a centaur warrior (23 damage)
             ... on level 8 of the Dungeon.
             The game lasted 01:13:27 (8248 turns).

Zoltar the Cutter (Red Draconian Conjurer)          Turns: 8248, Time: 01:13:28

Health: -5/81      AC:  7    Str: 11    XL:     10   Next: 84%
Magic:  0/17       EV: 13    Int: 19    God:    Nemelex Xobeh [***...]
Gold:   451        SH:  0    Dex: 12    Spells: 5/18 levels left

rFire   + . .      SeeInvis .   o - +7 pair of quick blades "Gyre" and "Gimble" {protect}
rCold   + . .      Faith    .   (shield currently unavailable)
rNeg    . . .      Spirit   +   (armour unavailable)
rPois   .          Reflect  .   (helmet restricted)
rElec   .          Harm     .   (no cloak)
rCorr   .          Rampage  .   (no gloves)
Will    .....                   (no boots)
Stlth   +++.......              c - amulet of guardian spirit
HPRegen 0.23/turn               A - ring of protection from cold
MPRegen 0.15/turn               (no ring)

@: short of breath
A: breathe fire, AC +7, unfitting armour, fire resistance 1, cold-blooded
a: Breathe Fire, Renounce Religion, Draw Escape, Draw Destruction, Draw
Summoning, Triple Draw


You were on level 8 of the Dungeon.
You worshipped Nemelex Xobeh.
Nemelex Xobeh was most pleased with you.
You visited 1 branch of the dungeon, and saw 8 of its levels.
You also visited: Ossuary.

You collected 545 gold pieces.
You spent 88 gold pieces at shops.
You donated 6 gold pieces to Zin.

Inventory:

Hand Weapons
 o - the +7 pair of quick blades "Gyre" and "Gimble" (weapon) {protect}
   (You found it on level 3 of the Dungeon)

   It grants its wielder temporary protection when it strikes (+7 to AC).
Missiles
 v - a boomerang (quivered)
 E - 3 javelins
Jewellery
 c - an amulet of guardian spirit (around neck)
 A - a ring of protection from cold (left hand)
Wands
 l - a wand of iceblast (11)
 x - a wand of flame (17)
Scrolls
 e - a scroll of torment
 f - a scroll of vulnerability
 g - 3 scrolls of teleportation
 i - a scroll of holy word
 j - 2 scrolls of silence
 k - 2 scrolls of enchant armour
 m - a scroll of fog
 y - a scroll of amnesia
 C - a scroll of magic mapping
 D - 2 scrolls of blinking
 G - 2 scrolls of immolation
Potions
 a - a potion of heal wounds
 b - 5 potions of curing {unknown}
 d - 2 potions of lignification
 h - 2 potions of attraction {unknown}
 n - a potion of berserk rage {unknown}
 p - 3 potions of mutation {unknown}
 q - 2 potions of degeneration {unknown}
 r - 3 potions of invisibility {unknown}
 s - a potion of resistance
 t - 2 potions of cancellation {unknown}
 u - a potion of might {unknown}
 w - a potion of flight {unknown}
 z - 4 potions of haste {unknown}
 B - a potion of ambrosia {unknown}
Miscellaneous
 F - a phial of floods


   Skills:
 * Level 5.4 Fighting
 * Level 7.4 Short Blades
 * Level 4.8 Throwing
 * Level 4.8 Dodging
 * Level 4.5 Stealth
 * Level 4.9 Spellcasting
 * Level 6.5 Conjurations
 * Level 3.7 Hexes
 * Level 2.7 Necromancy
 * Level 2.6 Air Magic
 * Level 4.7 Invocations
 * Level 3.6 Evocations


You had 5 spell levels left.
You knew the following spells:

 Your Spells              Type           Power      Damage    Failure   Level
a - Corpse Rot            Necr/Air       28%        N/A       6%          2
b - Searing Ray           Conj           58%        2d6       1%          2
c - Fulminant Prism       Conj/Hex       12%        3d9       16%         4
d - Summon Small Mammal   Summ           16%        N/A       13%         1
e - Mephitic Cloud        Conj/Pois/Air  16%        N/A       11%         3
f - Shock                 Conj/Air       88%        1d8       1%          1

Your spell library contained the following spells:

 Spells                   Type           Power      Damage    Failure   Level
 Magic Dart               Conj           100%       1d8       1%          1
 Dazzling Flash           Conj/Hex       48%        N/A       4%          3
 Sublimation of Blood     Necr           15%        N/A       6%          2
 Ensorcelled Hibernation  Hex/Ice        22%        N/A       9%          2
 Poisonous Vapours        Pois/Air       18%        N/A       11%         2
 Swiftness                Air            14%        N/A       13%         3
 Call Imp                 Summ           4%         N/A       19%         2
 Passwall                 Tmut/Erth      3%         N/A       19%         2
 Wereblood                Tmut           4%         N/A       19%         2
 Portal Projectile        Hex/Tloc       22%        N/A       19%         3
 Iskenderun's Mystic Bla  Conj/Tloc      17%        2d5       32%         4
 Silence                  Hex/Air        8%         N/A       67%         5
 Agony                    Necr           15%        N/A       75%         5
 Excruciating Wounds      Necr           7%         N/A       75%         5
 Blade Hands              Tmut           2%         N/A       98%         5
 Summon Hydra             Summ           2%         N/A       100%        7


Dungeon Overview and Level Annotations

Branches:
Dungeon (8/15)             Temple (0/1) D:7         Ossuary (visited)
   Lair: D:8-11

Altars:
Nemelex Xobeh
Sif Muna
Zin

Shops:
D:5 !

Annotations:
D:3 3 runed translucent doors, pkoi's ghost, amateur OpAE


Innate Abilities, Weirdness & Mutations

You can breathe blasts of fire.
Your fiery red scales are hard. (AC +7)
You cannot fit into any form of body armour.
Your flesh is heat resistant. (rF+)
You are cold-blooded and may be slowed by cold attacks.


Message History

Found a wand of iceblast (2).
Found a fizzy emerald potion.
A centaur warrior comes into view.
Aiming: Breathe Fire (3% risk of failure)
Press: ? - help, Shift-Dir - straight line, f - you
Okay, then.
Found a book of Dreams.
The centaur warrior shouts!
The centaur warrior wields a +4 shortbow.
The centaur warrior shoots an arrow.
The arrow hits you!
Aiming: Breathe Fire (3% risk of failure)
Press: ? - help, Shift-Dir - straight line, f - centaur warrior
Aim: a centaur warrior, wielding a +4 shortbow and quivering arrows (77% to hit)
You breathe a blast of fire.
The fiery breath hits the centaur warrior!
The centaur warrior is moderately wounded.
The centaur warrior is engulfed in blazing flames.
The centaur warrior shoots an arrow.
The arrow hits you!!
The centaur warrior is engulfed in blazing flames.
The centaur warrior shoots an arrow.
The arrow hits you!
Throw: boomerang
Press: ? - help, Q - select action, (/) - cycle Shift-Dir - straight line, f/p - centaur warrior
Aim: a centaur warrior, wielding a +4 shortbow and quivering arrows (flame, heavily wounded, 69% to hit)
You throw a boomerang. The boomerang hits the centaur warrior!
The centaur warrior is severely wounded.
The centaur warrior is engulfed in blazing flames.
The centaur warrior shoots an arrow.
The arrow hits you!
Throw: boomerang
Press: ? - help, Q - select action, (/) - cycle Shift-Dir - straight line, f/p - centaur warrior
Aim: a centaur warrior, wielding a +4 shortbow and quivering arrows (flame, severely wounded, 69% to hit)
You throw a boomerang. The boomerang hits the centaur warrior!
The centaur warrior is almost dead.
The centaur warrior is engulfed in blazing flames.
The centaur warrior shoots an arrow.
The arrow hits you!!
* * * LOW HITPOINT WARNING * * *
You feel much better.
The centaur warrior shoots an arrow.
The arrow hits you!
* * * LOW HITPOINT WARNING * * *
The centaur warrior shoots an arrow.
The arrow hits you!!
You die...
Your body disappears without a glow.

#......#
#.:....#
#....°.#
#....c.#
#....!.#
+......#
#......+
#../@..#
#......#
#......#
#......#
##......#
#.......#
+.......#
####
#.......#
...#
#.......#####


You could see a centaur warrior.

Vanquished Creatures
  The ghost of Icepheonix32 the Cutter, a novice DsFi (D:6)
  2 trolls (D:7)
  Prince Ribbit (D:5)
  A water moccasin (D:7)
  2 ice beasts
  A black bear (D:5)
  An orc warrior (D:7)
  6 ogres
  2 centaurs
  2 elf zombies (Ossuary)
  2 kobold brigands
  3 bullfrogs
  2 scorpions
  A water moccasin zombie (D:5)
  3 killer bees (D:7)
  5 wights (D:7)
  3 vampire bats (D:4)
  3 howler monkeys
  8 centaur zombies
  2 hounds
  A gnoll shaman (D:6)
  5 human zombies (Ossuary)
  4 orc priests
  3 jellies
  2 bullfrog skeletons (D:6)
  2 iguanas
  Natasha (thrice) (D:4)
  5 orc wizards
  A hound skeleton (D:4)
  3 mummies (Ossuary)
  30 gnolls
  2 adders
  A howler monkey skeleton (D:5)
  2 white imps
  2 worms
  3 dart slugs
  43 orcs
  5 endoplasms
  5 giant cockroaches
  9 hobgoblins
  16 jackals (D:3)
  9 kobolds
  4 quokkas
  5 ball pythons
  10 bats
  2 frilled lizards
  A goblin (D:3)
  3 rats
232 creatures vanquished.

Vanquished Creatures (collateral kills)
  3 two-headed ogres (D:7)
  A yak (D:7)
  An ogre (D:6)
  An orc warrior (D:7)
  A wyvern zombie (D:7)
  3 killer bees (D:7)
  2 orc wizards (D:7)
  3 orcs (D:7)
15 creatures vanquished.

Vanquished Creatures (others)
  8 fulminant prisms
  A fungus (D:3)
  2 plants (D:3)
11 creatures vanquished.

Grand Total: 258 creatures vanquished

Notes
Turn   | Place    | Note
-------+----------+-------------------------------------------
     0 | D:1      | Zoltar the Draconian Conjurer began the quest for the Orb.
     0 | D:1      | Reached XP level 1. HP: 14/14 MP: 3/3
   467 | D:1      | Reached XP level 2. HP: 22/22 MP: 0/5
   470 | D:1      | Learned a level 2 spell: Searing Ray
   686 | D:1      | Found a faded altar of an unknown god.
   689 | D:1      | Prayed at the altar of an unknown god.
   689 | D:1      | Became a worshipper of Zin the Law-Giver
   689 | D:1      | Reached * piety under Zin
   892 | D:1      | Reached XP level 3. HP: 25/27 MP: 0/6
  1976 | D:2      | Reached skill level 1 in Fighting
  2146 | D:3      | Reached XP level 4. HP: 35/35 MP: 0/7
  2365 | D:3      | Noticed an ice beast
  2367 | D:3      | Noticed pkoi's ghost (amateur OpAE)
  2375 | D:3      | Found a runed translucent gate.
  2375 | D:3      | Found a runed translucent gate.
  2376 | D:3      | Found a runed translucent gate.
  2422 | D:3      | Learned a level 4 spell: Fulminant Prism
  2488 | D:3      | Found the +7 pair of quick blades "Gyre" and "Gimble"
                  | {protect}
  2512 | D:3      | Found a sparkling altar of Nemelex Xobeh.
  2523 | D:3      | Fell from the grace of Zin
  2523 | D:3      | Became a worshipper of Nemelex Xobeh the Trickster
  2672 | D:3      | Reached XP level 5. HP: 42/42 MP: 4/9
  2737 | D:3      | Reached skill level 1 in Throwing
  2819 | D:3      | Reached skill level 5 in Conjurations
  2861 | D:3      | Reached skill level 1 in Invocations
  2901 | D:3      | Reached XP level 6. HP: 33/50 MP: 0/10
  3056 | D:3      | Reached skill level 1 in Hexes
  3074 | D:3      | Reached skill level 1 in Short Blades
  3200 | D:3      | Your scales start taking on a fiery red colour.
  3200 | D:3      | Reached XP level 7. HP: 33/56 MP: 0/11
  3200 | D:3      | Gained mutation: Your flesh is heat resistant. (rF+) [Red
                  | Draconian growth]
  3964 | D:4      | Noticed Natasha
  3983 | D:4      | Killed Natasha
  3984 | D:4      | Reached skill level 1 in Evocations
  4012 | D:4      | Reached skill level 2 in Short Blades
  4173 | D:4      | Noticed Natasha
  4180 | D:4      | Killed Natasha
  4620 | D:4      | Reached * piety under Nemelex Xobeh
  4635 | D:4      | Noticed Natasha
  4644 | D:4      | Killed Natasha
  4724 | D:4      | Received a gift from Nemelex Xobeh
  4804 | D:5      | Entered Level 5 of the Dungeon
  4806 | D:5      | Found a sand-covered staircase.
  4806 | D:5      | Noticed Prince Ribbit
  4812 | D:5      | Killed Prince Ribbit
  4813 | D:5      | Reached skill level 3 in Short Blades
  4813 | D:5      | Reached XP level 8. HP: 39/63 MP: 10/13
  4841 | Ossuary  | Entered an ossuary
  5046 | Ossuary  | Reached skill level 4 in Short Blades
  5330 | D:5      | Learned a level 2 spell: Corpse Rot
  5336 | D:5      | Found Dosmoir's Distillery.
  5350 | D:5      | Bought a potion of lignification for 33 gold pieces
  5350 | D:5      | Bought a potion of heal wounds for 55 gold pieces
  5360 | D:5      | Reached ** piety under Nemelex Xobeh
  5581 | D:5      | Reached XP level 9. HP: 71/71 MP: 14/14
  5581 | D:5      | Received a gift from Nemelex Xobeh
  5669 | D:6      | Reached skill level 5 in Short Blades
  6159 | D:6      | Received a gift from Nemelex Xobeh
  6329 | D:6      | Noticed Icepheonix32's ghost (novice DsFi)
  6331 | D:6      | Found a transporter.
  6332 | D:6      | Identified the +5 giant spiked club of Hahuav {vorpal,
                  | Str+6}
  6340 | D:6      | Found a transporter.
  6370 | D:6      | Killed Icepheonix32's ghost
  6371 | D:6      | Reached skill level 6 in Short Blades
  6956 | D:7      | Found a staircase to the Ecumenical Temple.
  6987 | D:7      | Reached skill level 1 in Air Magic
  7009 | D:7      | Reached skill level 1 in Necromancy
  7099 | D:7      | Reached XP level 10. HP: 61/80 MP: 9/16
  7335 | D:7      | Noticed a two-headed ogre
  7339 | D:7      | Noticed a two-headed ogre
  7341 | D:7      | Killed a two-headed ogre
  7342 | D:7      | Reached skill level 5 in Fighting
  7342 | D:7      | Reached skill level 7 in Short Blades
  7342 | D:7      | Killed a two-headed ogre
  7433 | D:7      | Found a shimmering blue altar of Sif Muna.
  7445 | D:7      | Reached *** piety under Nemelex Xobeh
  7512 | D:7      | Noticed a two-headed ogre
  7521 | D:7      | Killed a two-headed ogre
  7616 | D:7      | Got An Introduction to Casting
  7626 | D:7      | Learned a level 1 spell: Summon Small Mammal
  7630 | D:7      | Learned a level 3 spell: Mephitic Cloud
  7632 | D:7      | Learned a level 1 spell: Shock
  8241 | D:8      | Noticed a centaur warrior
  8248 | D:8      | Shot with an arrow by a centaur warrior

Illustrated notes

Levels and vault maps discovered:
D:1:      psy_arrival_statuary, layout_loops_cross,
          hellmonk_ecumenical_altar_inner_sanctum, kennysheep_nondescript
D:2:      layout_basic
D:3:      lemuel_castle_with_subvaults [lemuel_castle_interior_original],
          layout_loops_ring, mainiacjoe_overflow_boulevard,
          gammafunk_ghost_split
D:4:      layout_loops_ring, roderic_nine_men_s_morris, roderic_batcave,
          kennysheep_flooded_box, uniq_natasha
D:5:      layout_cave_pools, enter_ossuary_1, serial_shops,
          nicolae_shop_competitors_out_of_business, amcnicky_mini_pool_medium,
          uniq_prince_ribbit1
D:6:      layout_basic, gammafunk_ghost_smash
D:7:      minmay_the_grid_octo_2x2 [minmay_the_grid_octo_concentric,
          minmay_the_grid_octo_empty, minmay_the_grid_octo_clover_2,
          minmay_the_grid_octo_prize_big_c], layout_cave_pools,
          mainiacjoe_overflow_concentric_impassable, kennysheep_another_room
D:8:      layout_gridville

Skill      XL: |  1  2  3  4  5  6  7  8  9 10 |
---------------+-------------------------------+-----
Stealth        | 2 3 4 |  4.5
Dodging        | 2 3 4 |  4.8
Fighting       | 1 2 3 4 5 |  5.4
Throwing       | 1 2 3 4 |  4.8
Conjurations   | 5 6 |  6.5
Invocations    | 1 2 3 4 |  4.7
Spellcasting   | 3 4 |  4.9
Hexes          | 1 2 3 |  3.7
Short Blades   | 1 3 4 6 7 |  7.4
Evocations     | 1 2 3 |  3.6
Air Magic      | 1 2 |  2.6
Necromancy     | 1 2 |  2.7

Action                   |  1- 3 |  4- 6 |  7- 9 | 10-12 || total
-------------------------+-------+-------+-------+-------++-------
Melee: Unarmed           |    10 |       |       |       ||    10
       Pair of quick bla |       |    40 |   161 |    27 ||   228
       Tailslap          |       |     7 |    33 |     4 ||    44
Throw: Boomerang         |    11 |    36 |       |    38 ||    85
       Throwing net      |       |     2 |     5 |       ||     7
       Dart              |       |       |    11 |       ||    11
 Cast: Magic Dart        |    49 |    11 |       |       ||    60
       Searing Ray       |    27 |    20 |     1 |       ||    48
       Fulminant Prism   |       |     1 |     6 |     1 ||     8
Invok: Draw Destruction  |       |       |     8 |     2 ||    10
       Draw Summoning    |       |       |     2 |     2 ||     4
       Draw Escape       |       |       |     1 |       ||     1
 Abil: Breathe Fire      |       |       |    50 |    16 ||    66
Evoke: Wand              |     1 |     7 |     8 |     7 ||    23
  Use: Scroll            |     2 |       |    14 |     2 ||    18
       Potion            |       |       |     2 |     1 ||     3
 Stab: Sleeping          |     1 |       |       |       ||     1
Armor: Skin              |    25 |    18 |    43 |    10 ||    96
Dodge: Dodged            |    72 |    55 |    87 |    14 ||   228
